 Dungeon Crawl Stone Soup version 0.20-a0-465-g6513c8f (webtiles) character file.

4360 Feta the Protected (level 10, -8/86 HPs)
             Began as a Hill Orc Fighter on Jan 12, 2017.
             Was a Believer of the Shining One.
             Mangled by a two-headed ogre
             ... wielding a +0 giant spiked club
              (10 damage)
             ... on level 7 of the Dungeon.
             The game lasted 00:27:37 (7633 turns).

Feta the Protected (Hill Orc Fighter)               Turns: 7633, Time: 00:27:38

Health: -8/86      AC: 11    Str: 23    XL:     10   Next: 34%
Magic:  14/14      EV:  6    Int: 12    God:    the Shining One [**....]
Gold:   380        SH: 17    Dex: 10    Spells: 9/9 levels left

rFire  . . .     SeeInvis .     a - +0 war axe
rCold  . . .     Gourm    .     Q - +0 scale mail
rNeg   + . .     Faith    .     G - +0 large shield
rPois  .         Spirit   .     O - +0 helmet
rElec  .         Reflect  .     (no cloak)
rCorr  .         Harm     .     E - +0 pair of gloves
MR     .....                    (no boots)
Stlth  +.........               U - amulet of magic regeneration
                                i - ring of stealth
                                s - +4 ring of intelligence

@: glowing
A: no striking features
a: Divine Shield, Renounce Religion


You were on level 7 of the Dungeon.
You worshipped the Shining One.
The Shining One was pleased with you.
You were not hungry.

You visited 1 branch of the dungeon, and saw 7 of its levels.

You collected 380 gold pieces.

Inventory:

Hand Weapons
 a - a +0 war axe (weapon)
 b - a +0 hunting sling of freezing
 P - the +9 mace of Fauxzevo {distort, *Corrode Dex+3 SInv}
   (You found it on level 5 of the Dungeon)

   It warps and distorts space around it.
   Unwielding it can cause banishment or high damage.
   It affects your dexterity (+3).
   It lets you see invisible.
   It may corrode you when you take damage.
Missiles
 k - 291 stones (quivered)
 J - 8 needles of confusion
 M - 49 sling bullets
 S - 7 poisoned tomahawks
Armour
 E - a +0 pair of gloves (worn)
 G - a +0 large shield (worn)
 L - a +0 crystal plate armour
 O - a +0 helmet (worn)
 Q - a +0 scale mail (worn)
Jewellery
 i - a ring of stealth (right hand)
 s - a +4 ring of intelligence (left hand)
 U - an amulet of magic regeneration (around neck)
Wands
 H - a wand of flame (0/48)
 R - a wand of flame (25/48)
Scrolls
 g - 7 scrolls of identify
 h - 4 scrolls of noise {unknown}
 j - a scroll of fear {unknown}
 l - 2 scrolls of amnesia {unknown}
 n - 3 scrolls of blinking {unknown}
 o - 2 scrolls of remove curse {unknown}
 p - a scroll of immolation {unknown}
 t - 6 scrolls of teleportation {unknown}
 y - a scroll of fog {unknown}
 I - 4 scrolls of magic mapping {unknown}
Potions
 c - a potion of cure mutation {unknown}
 d - 3 potions of heal wounds {unknown}
 m - 4 potions of flight
 q - a potion of ambrosia {unknown}
 r - 3 potions of cancellation {unknown}
 w - 4 potions of mutation {unknown}
 z - 5 potions of resistance {unknown}
 B - 3 potions of curing
 C - 5 potions of magic {unknown}
 D - a potion of lignification {unknown}
 F - a potion of brilliance {unknown}
 K - a potion of haste {unknown}
Books
 N - a Young Poisoner's Handbook

   Spells                             Type                      Level
   a - Sting                          Conjuration/Poison           1
   b - Poisonous Vapours              Poison/Air                   2
   c - Mephitic Cloud                 Conjuration/Poison/Air       3
   d - Olgreb's Toxic Radiance        Poison                       4
   e - Venom Bolt                     Conjuration/Poison           5
Comestibles
 f - 8 bread rations
 u - 7 beef jerkies
 v - 4 meat rations
 x - a slice of pizza
 A - a royal jelly


   Skills:
 + Level 7.1 Fighting
 - Level 9.0 Axes
 * Level 9.7 Armour
 + Level 9.0 Shields
 * Level 5.6 Invocations
 - Level 1.0 Evocations


You had 9 spell levels left.
You didn't know any spells.

Dungeon Overview and Level Annotations

Branches:
Dungeon (7/15)             Temple (0/1) D:7

Altars:
Dithmenos
Fedhas
Gozag
Qazlal
The Shining One

Shops:
D:6 (


Message History

The two-headed ogre is heavily wounded.
The two-headed ogre hits you with a giant spiked club!
You block the two-headed ogre's attack.
You hit the two-headed ogre but do no damage.
The two-headed ogre is heavily wounded.
You slash the two-headed ogre!
The two-headed ogre is heavily wounded.
You block the two-headed ogre's attack. The two-headed ogre barely misses you.
You slash the two-headed ogre!
The two-headed ogre is almost dead.
The two-headed ogre hits you with a giant spiked club!!
* * * LOW HITPOINT WARNING * * *
The two-headed ogre hits you with a giant club!
* * * LOW HITPOINT WARNING * * *
Okay, then.
You hit the two-headed ogre.
The two-headed ogre is almost dead.
You block the two-headed ogre's attack.
The two-headed ogre hits you with a giant club!
You die...

#
#...................)..........
#
##########.################....
#### ##.### ##.## #########
...#### ###....####.÷.###...#
##....###......#.....#..#)§.#
#####...#.#......#######..÷÷#
...............##############
<...[....)(.#######...#
......>..##..#.O@...###
.........###.#(...###
.........# #<.....# .......<.#
###....# ########## #....#
######


You could see a two-headed ogre.

Vanquished Creatures
  Pikel (D:7)
  Grinder (D:3)
  A hippogriff (D:7)
  Eustachio (D:6)
  A hungry ghost (D:7)
  Edmund (D:5)
  2 orc warriors (D:7)
  2 ice beasts
  A sky beast (D:5)
  7 ogres
  2 phantoms
  A black bear (D:7)
  5 centaurs
  4 bullfrogs
  A scorpion (D:6)
  2 howler monkeys
  An electric eel (D:7)
  2 jellies
  2 bullfrog zombies (D:6)
  A centaur zombie (D:5)
  A crimson imp (D:6)
  An orc priest (D:5)
  3 bullfrog skeletons
  2 hounds
  4 iguanas
  4 orc wizards
  Jessica (D:2)
  4 worker ants
  A killer bee zombie (D:6)
  A hound skeleton (D:4)
  6 adders
  3 gnolls (D:4)
  5 shadow imps
  An ooze (D:6)
  3 adder skeletons
  5 worms
  6 dart slugs
  4 leopard geckos
  7 orcs
  7 giant cockroaches
  4 goblins
  4 hobgoblins
  12 jackals
  11 quokkas
  A ball python (D:1)
  3 bats
  A frilled lizard (D:2)
  A goblin skeleton (D:5)
  A goblin zombie (D:5)
  2 hobgoblin zombies (D:5)
  A jackal skeleton (D:6)
  15 kobolds
  2 kobold skeletons (D:5)
  2 kobold zombies (D:5)
  A leopard gecko skeleton (D:6)
  An orc skeleton (D:5)
  An orc zombie (D:5)
  7 rats
178 creatures vanquished.

Vanquished Creatures (others)
  3 slaves (D:7)
  A black bear (D:7)
4 creatures vanquished.

Grand Total: 182 creatures vanquished

Notes
Turn   | Place    | Note
-------+----------+-------------------------------------------
     0 | D:1      | Feta the Hill Orc Fighter began the quest for the Orb.
     0 | D:1      | Reached XP level 1. HP: 19/19 MP: 1/1
   100 | D:1      | Reached XP level 2. HP: 15/26 MP: 2/2
   632 | D:1      | Reached XP level 3. HP: 19/31 MP: 3/3
  1025 | D:2      | Reached skill level 5 in Axes
  1076 | D:2      | Noticed Jessica
  1086 | D:2      | Killed Jessica
  1086 | D:2      | Reached XP level 4. HP: 39/39 MP: 4/4
  1118 | D:2      | Found a blossoming altar of Fedhas.
  2005 | D:3      | Noticed Grinder
  2007 | D:3      | Paralysed by Grinder for 6 turns
  2021 | D:3      | Paralysed by Grinder for 6 turns
  2034 | D:3      | Killed Grinder
  2034 | D:3      | Reached XP level 5. HP: 25/45 MP: 5/5
  2034 | D:3      | Reached XP level 6. HP: 28/51 MP: 6/6
  2246 | D:3      | Found a stormy altar of Qazlal.
  3040 | D:4      | Reached skill level 1 in Evocations
  3350 | D:4      | Reached XP level 7. HP: 53/57 MP: 7/7
  3469 | D:5      | Entered Level 5 of the Dungeon
  3539 | D:5      | Reached skill level 5 in Armour
  3570 | D:5      | Noticed Edmund
  3729 | D:5      | Killed Edmund
  3729 | D:5      | Reached skill level 5 in Shields
  3729 | D:5      | Reached XP level 8. HP: 48/64 MP: 8/8
  4189 | D:5      | Found a glowing golden altar of the Shining One.
  4392 | D:5      | Became a worshipper of the Shining One
  4662 | D:5      | Got a faintly glowing mace
  4663 | D:5      | Identified the +9 mace of Fauxzevo {distort, *Corrode Dex+3 SInv} (You found it on level 5 of the Dungeon)
  4724 | D:6      | Reached skill level 1 in Invocations
  5021 | D:6      | Noticed Eustachio
  5038 | D:6      | Killed Eustachio
  5038 | D:6      | Reached XP level 9. HP: 63/72 MP: 10/10
  5066 | D:6      | Reached * piety under the Shining One
  5257 | D:6      | Found Kixejuol's Antique Weapon Shop.
  5372 | D:6      | Reached skill level 5 in Fighting
  6318 | D:6      | Found a shadowy altar of Dithmenos.
  6542 | D:7      | Noticed Pikel
  6567 | D:7      | Killed Pikel
  6800 | D:7      | Found an opulent altar of Gozag.
  6861 | D:7      | Reached XP level 10. HP: 32/84 MP: 13/13
  6867 | D:7      | Reached skill level 5 in Invocations
  7531 | D:7      | Found a staircase to the Ecumenical Temple.
  7533 | D:7      | Reached ** piety under the Shining One
  7620 | D:7      | Noticed a two-headed ogre
  7632 | D:7      | HP: 2/86 [two-headed ogre/giant spiked club (17)]
  7633 | D:7      | Mangled by a two-headed ogre

Vault maps used:
D:1:      dpeg_arrival_chase
D:2:      nicolae_overflow_crystal_walls, uniq_jessica
D:3:      nicolae_overflow_hidden_temple, uniq_grinder
D:5:      nicolae_tso_besieged_by_evil, first_bread,
          minmay_misc_feat_nine_boxes, uniq_edmund
D:6:      lemuel_coloured_pillars_altar, serial_shops,
          nicolae_shop_competitors_out_of_business, kennysheep_diamond,
          uniq_eustachio
D:7:      cheibrodos_helix_gallery, grunt_ogre_cave, minmay_ruined_shrine,
          uniq_pikel

Skill      XL: |  1  2  3  4  5  6  7  8  9 10 |
---------------+-------------------------------+-----
Axes           | 3 4 5 8 9 |  9.0
Evocations     | 1 |  1.0
Armour         | 5 7 9 |  9.7
Shields        | 5 7 8 9 |  9.0
Fighting       | 4 6 7 |  7.1
Invocations    | 2 4 5 |  5.6

Action                   |  1- 3 |  4- 6 |  7- 9 | 10-12 || total
-------------------------+-------+-------+-------+-------++-------
Melee: War axe           |    94 |   164 |   369 |    40 ||   667
 Fire: Hunting sling     |       |       |    63 |     9 ||    72
Throw: Javelin           |       |    11 |     7 |     3 ||    21
       Stone             |       |     3 |       |       ||     3
Evoke: Wand              |       |       |     4 |    14 ||    18
  Use: Potion            |     3 |     1 |     1 |       ||     5
       Scroll            |       |       |       |     1 ||     1
  Eat: Chunk             |     1 |     7 |    12 |     2 ||    22
Armor: Scale mail        |    52 |    52 |   118 |    13 ||   235
Dodge: Dodged            |    37 |    41 |    57 |    10 ||   145
Block: Shield            |    64 |    33 |       |       ||    97
       Large shield      |       |    51 |   258 |    37 ||   346
